 Dungeon Crawl Stone Soup version 0.29.0-4-gdea44cf6ec (webtiles) character file.

Game seed: 17443325920528169371

55 Zeldest the Sneak (level 3, 0/29 HPs)
             Began as a Mummy Delver on Aug 27, 2022.
             Slain by a hound (1 damage)
             ... on level 2 of the Dungeon.
             The game lasted 00:01:58 (1656 turns).

Zeldest the Sneak (Mummy Delver)                    Turns: 1656, Time: 00:01:58

Health: 0/29       AC:  3    Str: 17    XL:     3   Next: 67%
Magic:  3/3        EV: 12    Int:  9    God:
Gold:   69         SH:  0    Dex: 13    Spells: 2/2 levels left

rFire   x . .      SeeInvis .   a - +0 hand axe
rCold   + . .      Faith    .   (no shield)
rNeg    + + +      Spirit   .   b - +0 leather armour
rPois   ∞          Reflect  .   (no helmet)
rElec   .          Harm     .   (no cloak)
rCorr   .          Rampage  .   (no gloves)
Will    .....                   (no boots)
Stlth   ++........              (no amulet)
HPRegen 0.09/turn               (no ring)
MPRegen 0.08/turn               (no ring)

@: no status effects
A: cold resistance 1, negative energy resistance 3, torment resistance 2, heat
vulnerability 1, in touch with death 1, no potions
a: no special abilities


You were on level 2 of the Dungeon.
You visited 1 branch of the dungeon, and saw 5 of its levels.

You collected 69 gold pieces.

Inventory:

Hand Weapons
 a - a +0 hand axe (weapon)
Armour
 b - a +0 leather armour (worn)
Wands
 f - a wand of digging (3)
Scrolls
 c - a scroll of fog
 d - a scroll of poison {unknown}
 e - a scroll of fear
 g - 3 scrolls of brand weapon {unknown}


   Skills:
 + Level 3.5 Fighting
 * Level 2.1 Axes
 + Level 2.1 Dodging
 - Level 4.4 Stealth


You had 2 spell levels left.
You didn't know any spells.
Your spell library contained the following spells:

 Spells                   Type           Power      Damage    Failure   Level
 Blink                    Tloc           0%         N/A       58%         2
 Lesser Beckoning         Tloc           0%         N/A       83%         3
 Manifold Assault         Tloc           0%         N/A       100%        5


Dungeon Overview and Level Annotations

Branches:
Dungeon (5/15)
 Temple: D:4-7

Altars:

Shops:
D:1 !


Innate Abilities, Weirdness & Mutations

You are immune to poison.
Your flesh is cold resistant. (rC+)
You are immune to negative energy. (rN+++)
You are immune to unholy pain and torment.
You are vulnerable to heat. (rF-)
You are in touch with the powers of death.
You do not drink.


Message History

The hound bites you but does no damage.
A hound is nearby!
You barely miss the hound. The hound closely misses you.
You closely miss the hound. The hound bites you. x2
You hit the hound.
The hound is lightly wounded.
The hound closely misses you. The hound bites you but does no damage.
You hit the hound but do no damage.
The hound is lightly wounded.
The hound misses you. The hound barely misses you.
You hit the hound.
The hound is heavily wounded.
The hound bites you. x2
You are too injured to fight recklessly!
You are too injured to fight recklessly!
You hit the hound.
The hound is heavily wounded.
The hound bites you.
You hit the hound.
The hound is almost dead.
The hound closely misses you. x2
You closely miss the hound.
The hound is almost dead.
The hound closely misses you. The hound misses you.
You closely miss the hound.
The hound is almost dead.
The hound bites you. x2
You hit the hound but do no damage.
The hound is almost dead.
The hound bites you.
* * * LOW HITPOINT WARNING * * *
The hound bites you but does no damage.
You hit the hound but do no damage.
The hound is almost dead.
The hound bites you.
* * * LOW HITPOINT WARNING * * *
You closely miss the hound.
The hound is almost dead.
The hound bites you.
You die...

.. ........... ...... .
.##.....##.###........
........................
..........##..#.........
..........##..#.........
........................
...........#..#.........
...!...#.##.............
#........##...#.@.......
.........##...#.h#.#####
#.##..#.......##.# #
#..................
...#.............#.
#......####.######.#
.......####..# #
#..#...........
...#...#####..##


You could see a hound.

Vanquished Creatures
  An adder (D:3)
  A dart slug (D:1)
  5 ball pythons
  6 bats
  3 endoplasms (D:1)
  4 giant cockroaches
  6 goblins
  5 hobgoblins (D:1)
  2 jackals (D:1)
  2 frilled lizards (D:1)
  A kobold (D:1)
  A rat (D:1)
37 creatures vanquished.

Notes
Turn   | Place    | Note
-------+----------+-------------------------------------------
     0 | D:5      | Zeldest the Mummy Delver began the quest for the Orb.
     0 | D:5      | Reached XP level 1. HP: 18/18 MP: 1/1
    85 | D:3      | Reached XP level 2. HP: 18/24 MP: 2/2
   576 | D:1      | Gained mutation: You are in touch with the powers of death.
                  | [Mummy growth]
   576 | D:1      | Reached XP level 3. HP: 27/29 MP: 3/3
   729 | D:1      | Found Uxzeaxto's Distillery.
  1655 | D:2      | HP: 1/29 [hound (3)]
  1656 | D:2      | Slain by a hound

Illustrated notes

Levels and vault maps discovered:
D:1:      minmay_arrival_doors, layout_loops_cross, serial_shops, shop,
          grunt_decor_clamped, kennysheep_pointless_box,
          minmay_misc_feat_ornament
D:2:      layout_basic, dreamdust_ecumenical_altar_drowned_temple,
          hangedman_decor_peaks_small, minmay_randomly_rotated_circles
D:3:      layout_loops_ring, serial_shops, nicolae_shop_hallway_plus,
          small_statue_intersection
D:4:      layout_cave_pools
D:5:      layout_rooms, led_sif_pool, mainiacjoe_overflow_catch_the_wave,
          temple_pool_b

Skill      XL: |  1  2 |
---------------+-------+-----
Dodging        | 2 |  2.1
Axes           | 2 |  2.1
Fighting       | |  3.5
Stealth        | |  4.4

Action                   || total
-------------------------++-------
Melee: Hand axe          ||   117
       Punch             ||     1
  Use: Scroll            ||     1
 Stab: Sleeping          ||     9
Armor: Leather armour    ||    30
Dodge: Dodged            ||    75
